 Dungeon Crawl Stone Soup version 0.20.0-7-g3b7b877 (webtiles) character file.

1458 straycat the Sneak (level 8, -5/62 HPs)
             Began as a Vampire Wanderer on May 29, 2017.
             Slain by a killer bee (7 damage)
             ... on level 7 of the Dungeon on May 30, 2017.
             The game lasted 00:31:59 (8447 turns).

straycat the Sneak (Vampire Wanderer)               Turns: 8447, Time: 00:32:00

Health: -5/62      AC:  9    Str: 19    XL:     8   Next: 47%
Magic:  2/9        EV: 14    Int: 13    God:
Gold:   250        SH:  0    Dex: 14    Spells: 5/8 levels left

rFire    . . .     SeeInvis +   H - +0 dagger (freeze)
rCold    + . .     Gourm    .   (no shield)
rNeg     + + .     Faith    .   u - +0 ring mail
rPois    +         Spirit   .   g - +0 helmet
rElec    .         Reflect  .   (no cloak)
rCorr    .         Harm     .   v - +0 pair of gloves
MR       .....                  L - +0 pair of boots
Stlth    +++.......             (no amulet)
Regen    0.1/turn               (no ring)
MPRegen  0.2/turn               (no ring)

@: mighty, very slightly contaminated, regenerating slowly
A: fangs 3, see invisible, unbreathing
a: Bat Form


You were on level 7 of the Dungeon.
You were thirsty.

You visited 2 branches of the dungeon, and saw 8 of its levels.

You collected 278 gold pieces.
You spent 28 gold pieces at shops.

Inventory:

Hand Weapons
 a - a +1 war axe of flaming
 c - a +0 trident of protection
 f - a +0 dagger of electrocution
 n - a +0 whip of flaming
 A - a +0 dagger of draining
 E - a +0 falchion
 H - a +0 dagger of freezing (weapon)
Missiles
 i - 108 stones
 j - 63 poisoned needles
 p - 5 needles of paralysis
 w - 2 curare-tipped needles
 x - 22 bolts
 z - 56 arrows
 D - 8 javelins of returning (quivered)
 F - 6 tomahawks
 P - 8 needles of confusion
Armour
 g - a +0 helmet (worn)
 u - a +0 ring mail (worn)
 v - a +0 pair of gloves (worn)
 C - a cursed +0 shield
 I - a +0 scale mail
 J - a +0 buckler
 L - a +0 pair of boots (worn)
Wands
 y - a wand of paralysis (0/24)
 B - a wand of acid (5/15)
 K - a wand of acid (11/15)
 M - a wand of confusion (38/48)
Scrolls
 d - 2 scrolls of immolation {unknown}
 h - 3 scrolls of magic mapping {unknown}
 k - 6 scrolls of remove curse {unknown}
 l - 2 scrolls of noise {unknown}
 m - 3 scrolls of enchant weapon {unknown}
 r - 2 scrolls of fear {unknown}
 s - 6 scrolls of identify {unknown}
 t - 2 scrolls of amnesia {unknown}
 T - a scroll of vulnerability {unknown}
 U - a scroll of blinking {unknown}
Potions
 b - 2 potions of might
 e - 7 potions of blood
 o - 2 potions of haste {unknown}
 q - a potion of resistance {unknown}
 G - a potion of lignification {unknown}
 Q - a potion of invisibility {unknown}
 R - a potion of curing {unknown}
Books
 N - a book of Air

   Spells                             Type                      Level
   a - Shock                          Conjuration/Air              1
   b - Swiftness                      Charms/Air                   2
   c - Static Discharge               Conjuration/Air              3
   d - Airstrike                      Air                          4
   e - Lightning Bolt                 Conjuration/Air              5
 O - a book of Power

   Spells                             Type                      Level
   a - Iskenderun's Battlesphere      Conjuration/Charms           5
   b - Venom Bolt                     Conjuration/Poison           5
   c - Bolt of Magma                  Conjuration/Fire/Earth       5
   d - Iron Shot                      Conjuration/Earth            6
   e - Orb of Destruction             Conjuration                  7
   f - Spellforged Servitor           Conjuration/Summoning        7


   Skills:
 * Level 5.2 Fighting
 * Level 5.2 Short Blades
 - Level 1.0(1.5) Axes
 - Level 1.5(1.7) Maces & Flails
 - Level 1.0 Throwing
 + Level 3.5 Armour
 * Level 5.3 Dodging
 + Level 5.9 Stealth
 + Level 1.8 Shields
 + Level 0.8 Spellcasting


You had 5 spell levels left.
You knew the following spells:

 Your Spells              Type           Power        Failure   Level  Hunger
a - Shock                 Conj/Air       #...         43%         1    ##.....
b - Swiftness             Chrm/Air       #.......     58%         2    ###....


Dungeon Overview and Level Annotations

Branches:
Dungeon (7/15)             Temple (1/1) D:4

Altars:
Ashenzari
Cheibriados
Elyvilon
Fedhas
Hepliaklqana
Kikubaaqudgha
Makhleb
Nemelex Xobeh
Okawaru
Qazlal
Ru
Sif Muna
Trog
Uskayaw
Xom
Zin
The Shining One

Shops:
D:5 }


Innate Abilities, Weirdness & Mutations

You heal slowly.
You have razor-sharp teeth.
You have supernaturally acute eyesight. (SInv)
You can survive without breathing.


Message History

The killer bee barely misses you. x2
You barely miss the killer bee. Your bite misses the killer bee.
The killer bee is moderately wounded.
You feel sick.
You are no longer poisoned.
The killer bee barely misses you.
Wield which item (- for none, * to show all)? (? for menu, Esc to quit)
Your +0 dagger of freezing glows with a cold blue light!
H - a +0 dagger of freezing (weapon)
The killer bee closely misses you.
You closely miss the killer bee.
The killer bee is moderately wounded.
The killer bee closely misses you. The killer bee stings you.
* * * LOW HITPOINT WARNING * * *
It was a potion of might.
You feel very mighty all of a sudden. The killer bee stings you.
* * * LOW HITPOINT WARNING * * *
The killer bee stings you!
You die...

.# ############ .# #..........#
.####..........# ...............#
...............# ...............#
+# ......<.######## ##########.#
........#############..........#.
................@yy..............
........#######.#####..........#.
#######..# #..................#
#####.## #..................#
#......# #....................
#......# #............########
#......###.........####
#.......####'#######
####.....#.##........#


You could see 2 killer bees.

Vanquished Creatures
  Edmund (D:4)
  2 sky beasts
  2 phantoms (D:4)
  An ogre (D:5)
  2 bullfrogs (D:6)
  A water moccasin zombie (D:7)
  A killer bee (D:7)
  A crimson imp (D:6)
  A quasit (D:7)
  An orc priest (D:4)
  A hound (D:6)
  A jelly (D:6)
  A centaur skeleton (D:4)
  Jessica (D:2)
  2 iguanas
  3 worker ants
  4 orc wizards
  3 gnolls (D:1)
  9 adders
  An adder zombie (D:7)
  2 oozes
  An adder skeleton (D:4)
  3 dart slugs
  2 leopard geckos
  17 orcs
  4 giant cockroaches
  6 goblins
  6 hobgoblins
  8 jackals
  3 quokkas
  2 ball pythons
  7 bats
  4 frilled lizards
  A giant cockroach zombie (D:6)
  8 kobolds
  A leopard gecko zombie (D:5)
  A quokka skeleton (D:5)
  9 rats
124 creatures vanquished.

Notes
Turn   | Place    | Note
-------+----------+-------------------------------------------
     0 | D:1      | straycat the Vampire Wanderer began the quest for the Orb.
     0 | D:1      | straycat set off with: a +2 mace, a scroll of teleportation, a +0 hand axe, a +0 robe, a potion of blood
     0 | D:1      | Reached XP level 1. HP: 17/17 MP: 1/1
     6 | D:1      | Noticed a redback
     6 | D:1      | Noticed a hound
     7 | D:1      | Noticed a swamp worm
     7 | D:1      | Noticed a rime drake
   119 | D:1      | Reached XP level 2. HP: 20/23 MP: 2/2
   246 | D:1      | Reached skill level 1 in Dodging
   706 | D:1      | Reached skill level 1 in Stealth
   706 | D:1      | Reached XP level 3. HP: 6/29 MP: 3/3
  1230 | D:2      | Reached skill level 1 in Short Blades
  1314 | D:2      | Noticed Jessica
  1328 | D:2      | Killed Jessica
  1328 | D:2      | Reached XP level 4. HP: 19/35 MP: 4/4
  2470 | D:2      | Reached XP level 5. HP: 41/41 MP: 5/5
  2794 | D:3      | Found a sacrificial altar of Ru.
  3946 | D:4      | Found a staircase to the Ecumenical Temple.
  3952 | Temple   | Entered the Ecumenical Temple
  4316 | D:4      | Noticed a phantom
  4432 | D:4      | Noticed Edmund
  4447 | D:4      | Killed Edmund
  4447 | D:4      | Reached XP level 6. HP: 24/48 MP: 6/6
  4759 | D:4      | Reached XP level 7. HP: 46/55 MP: 7/7
  5439 | D:5      | Entered Level 5 of the Dungeon
  5524 | D:5      | Found a snail-covered altar of Cheibriados.
  5568 | D:5      | Found an iron altar of Okawaru.
  5626 | D:5      | Found Ydwi's Quality Used Wands.
  5649 | D:5      | Bought a wand of paralysis (0/24) for 28 gold pieces
  5986 | D:5      | Found a white marble altar of Elyvilon.
  5986 | D:5      | Found a burning altar of Makhleb.
  6123 | D:5      | Reached skill level 5 in Stealth
  6216 | D:5      | Found a deep blue altar of Sif Muna.
  6729 | D:6      | Found a sand-covered staircase.
  6781 | D:6      | Found a blossoming altar of Fedhas.
  6807 | D:6      | Reached XP level 8. HP: 61/61 MP: 8/8
  6870 | D:6      | Reached skill level 5 in Fighting
  7098 | D:6      | Reached skill level 5 in Dodging
  7260 | D:6      | Reached skill level 5 in Short Blades
  7265 | D:6      | Learned a level 1 spell: Shock
  7268 | D:6      | Learned a level 2 spell: Swiftness
  7831 | D:7      | Found a shattered altar of Ashenzari.
  7910 | D:7      | Found a stormy altar of Qazlal.
  8446 | D:7      | HP: 3/62 [killer bee (4)]
  8447 | D:7      | Slain by a killer bee

Skill      XL: |  1  2  3  4  5  6  7  8 |
---------------+-------------------------+-----
Dodging        | 1 2 3 4 5 |  5.3
Fighting       | 3 4 5 |  5.2
Stealth        | 1 2 3 5 |  5.9
Short Blades   | 1 2 3 4 5 |  5.2
Armour         | 2 3 |  3.5
Axes           | |  1.0
Maces & Flails | |  1.5
Throwing       | |  1.0
Shields        | |  1.8
Spellcasting   | |  0.8

Action                   |  1- 3 |  4- 6 |  7- 9 || total
-------------------------+-------+-------+-------++-------
Melee: Dagger            |    68 |   241 |   311 ||   620
       Mace              |     7 |       |       ||     7
       Bite              |     9 |    20 |    36 ||    65
Throw: Stone             |     1 |     3 |     1 ||     5
       Javelin           |       |       |     6 ||     6
 Cast: Shock             |       |       |     5 ||     5
  Use: Potion            |     1 |    10 |     9 ||    20
       Scroll            |       |     1 |     1 ||     2
 Stab: Sleeping          |       |     7 |     7 ||    14
Armor: Robe              |    20 |    20 |       ||    40
       Ring mail         |       |    60 |   101 ||   161
Dodge: Dodged            |    60 |   170 |   196 ||   426
